 Dungeon Crawl Stone Soup version 0.17-a0-764-gd40c196 (console) character file.

1143 sose the Frost Mage (level 8, -1/36 HPs)
             Began as a Vine Stalker Ice Elementalist on Apr 23, 2015.
             Slain by a centaur (2 damage)
             ... on level 6 of the Dungeon.
             The game lasted 00:14:17 (4230 turns).

sose the Frost Mage (Vine Stalker Ice Elementalist) Turns: 4230, Time: 00:14:18

Health: -1/36      AC: 10    Str: 11    XL:     8   Next: 37%
Magic:  0/13       EV: 12    Int: 17    God:
Gold:   266        SH:  0    Dex: 15    Spells: 4 memorised, 3 levels left

rFire  . . .     SeeInvis .     D - +2 dagger (protect)
rCold  . . .     Clarity  .     a - +0 robe
rNeg   + . .     SustAb   .     (no shield)
rPois  +         Gourm    +     (no helmet)
rElec  .         Spirit   +     (no cloak)
rCorr  .         Warding  .     v - +0 pair of gloves
rMut   .         Stasis   .     g - +0 pair of boots
MR     +....                    G - amulet of the gourmand (curse)
Stlth  ++........               I - ring of poison resistance
                                y - ring of positive energy

@: somewhat resistant to hostile enchantments, unstealthy
A: fangs 3, regeneration 2, shaggy fur 1, magic shield, antimagic bite, no
device heal 3, rot immunity
a: no special abilities


You were on level 6 of the Dungeon.
You were not hungry.

You visited 1 branch of the dungeon, and saw 6 of its levels.

You collected 266 gold pieces.

Inventory:

Hand weapons
 C - a +2 dagger of speed
 D - a +2 dagger of protection (weapon)
Armour
 a - a +0 robe (worn)
 g - a +0 pair of boots (worn)
 v - a +0 pair of gloves (worn)
Jewellery
 y - a ring of positive energy (left hand)
 A - an uncursed ring of sustain abilities
 G - a cursed amulet of the gourmand (around neck)
 I - a ring of poison resistance (right hand)
Magical devices
 s - a wand of confusion (28)
Scrolls
 d - a scroll of noise {unknown}
 e - 3 scrolls of remove curse
 f - 2 scrolls of teleportation
 i - a scroll of enchant armour {unknown}
 l - 2 scrolls of blinking {unknown}
 n - a scroll of random uselessness {unknown}
 r - 2 scrolls of amnesia
 x - 2 scrolls of identify
 E - a scroll of recharging {unknown}
 J - a scroll of immolation {unknown}
Potions
 h - a potion of resistance {unknown}
 j - a potion of ambrosia {unknown}
 m - a potion of beneficial mutation {unknown}
 o - a potion of invisibility {unknown}
 p - 2 potions of restore abilities {unknown}
 q - 2 potions of agility
 t - a potion of flight {unknown}
 u - a potion of heal wounds {unknown}
 w - a potion of brilliance {unknown}
 z - a potion of curing {unknown}
 F - a potion of lignification {unknown}
Books
 b - a book of Frost

   Spells                             Type                      Level
   a - Freeze                         Ice                          1
   b - Throw Frost                    Conjuration/Ice              2
   c - Ozocubu's Armour               Charms/Ice                   3
   d - Throw Icicle                   Conjuration/Ice              4
   e - Summon Ice Beast               Ice/Summoning                4
   f - Condensation Shield            Ice                          4
Comestibles
 c - 4 bread rations
 k - 4 meat rations
 B - a beef jerky
 H - 7 chunks of flesh


   Skills:
 + Level 0.1 Fighting
 + Level 0.1 Short Blades
 - Level 1.5 Dodging
 - Level 2.4 Stealth
 + Level 3.2 Spellcasting
 - Level 5.1 Conjurations
 + Level 8.3 Ice Magic


You had 3 spell levels left.
You knew the following spells:

 Your Spells              Type           Power        Failure   Level  Hunger
a - Freeze                Ice            ####         1%          1    None
b - Throw Frost           Conj/Ice       ####..       1%          2    ##.....
c - Ozocubu's Armour      Chrm/Ice       ###.....     12%         3    ###....
d - Throw Icicle          Conj/Ice       ####....     12%         4    ####...


Dungeon Overview and Level Annotations

Branches:
Dungeon (6/15)
 Temple: D:4-7

Altars:
Trog

Annotations:
D:5 Pikel


Innate Abilities, Weirdness & Mutations

You have razor-sharp teeth.
You heal very quickly.
You are covered in fur (AC +1).
When hurt, damage is shared between your health and your magic reserves.
Your bite disrupts and absorbs the magic of your enemies.
Potions and wands cannot restore your health.
You are immune to rotting.


Message History

You barely miss the centaur.
The centaur is moderately wounded.
The centaur hits you.
* * * LOW HITPOINT WARNING * * *
The kobold misses you. The centaur hits you.
* * * LOW HITPOINT WARNING * * *
Unknown command.
Casting: Freeze
Confirm with . or Enter, or press ? or * to list all spells.
Aiming: Freeze
Press: ? - help, Shift-Dir - straight line, f - centaur
Aim: a centaur (moderately wounded)
You freeze the centaur.
The centaur is heavily wounded.
The kobold closely misses you. The centaur hits you.
* * * LOW HITPOINT WARNING * * *
You hit the centaur. Your bite misses the centaur.
The centaur is severely wounded.
The centaur hits you.
You die...

### . #.# #.. ..
#.# ... . ######
#.### .. # ......#
#...##.# #
#.....## #.#.#..#
# #......#
#.#.#.## #
#./c###.#....### #
#..K@(..##>....# #
##.#....##.###..##
# #.........##
#..####
###...##...#
##.....
#...##...###......
##!..#.#.....###..
...>#.#.#....####
##...#.#.####..# #
#.......# #.# #


You could see a centaur and a kobold.

Vanquished Creatures
  Eustachio (D:6)
  A sky beast (D:5)
  2 slaves (D:5)
  An ogre (D:5)
  Blork the orc (D:4)
  A giant frog (D:6)
  A scorpion (D:4)
  A water moccasin skeleton (D:4)
  A crimson imp (D:4)
  A hound (D:4)
  A giant frog skeleton (D:5)
  3 worker ants
  2 orc priests (D:4)
  An iguana (D:4)
  4 orc wizards (D:4)
  7 adders
  3 gnolls (D:2)
  A shadow imp (D:5)
  4 oozes
  2 worms (D:3)
  4 giant geckos
  18 orcs
  14 bats
  A bat skeleton (D:4)
  A giant cockroach (D:1)
  17 hobgoblins
  6 jackals (D:2)
  6 kobolds
  4 quokkas
  10 goblins
  13 rats
133 creatures vanquished.

Notes
Turn   | Place    | Note
--------------------------------------------------------------
     0 | D:1      | sose, the Vine Stalker Ice Elementalist, began the quest for the Orb.
     0 | D:1      | Reached XP level 1. HP: 9/9 MP: 4/4
    90 | D:1      | Reached XP level 2. HP: 4/13 MP: 0/6
   214 | D:1      | Reached skill level 4 in Ice Magic
   231 | D:1      | Reached XP level 3. HP: 6/16 MP: 2/7
   735 | D:2      | Reached XP level 4. HP: 19/21 MP: 4/8
   845 | D:2      | Reached skill level 5 in Ice Magic
  1002 | D:2      | Learned a level 2 spell: Throw Frost
  1006 | D:2      | Learned a level 3 spell: Ozocubu's Armour
  1066 | D:2      | Found a bloodstained altar of Trog.
  1465 | D:3      | Reached XP level 5. HP: 18/24 MP: 3/9
  2051 | D:3      | Reached skill level 6 in Ice Magic
  2329 | D:4      | Gained mutation: You heal very quickly. [Vine Stalker growth]
  2329 | D:4      | Reached XP level 6. HP: 28/28 MP: 0/10
  2667 | D:4      | Reached XP level 7. HP: 26/32 MP: 4/11
  2757 | D:4      | Reached skill level 7 in Ice Magic
  2919 | D:4      | Learned a level 4 spell: Throw Icicle
  2962 | D:4      | Noticed Blork the orc
  2972 | D:4      | Killed Blork the orc
  3204 | D:5      | Entered Level 5 of the Dungeon
  3280 | D:5      | Reached skill level 5 in Conjurations
  3280 | D:5      | Gained mutation: You have razor-sharp teeth. [Vine Stalker growth]
  3280 | D:5      | Reached XP level 8. HP: 18/36 MP: 4/12
  3408 | D:5      | Noticed Pikel
  4086 | D:6      | Noticed Eustachio
  4114 | D:6      | Killed Eustachio
  4114 | D:6      | Reached skill level 8 in Ice Magic
  4228 | D:6      | HP: 1/36 [centaur (3)]
  4230 | D:6      | Slain by a centaur

Action                   |  1- 3 |  4- 6 |  7- 9 || total
-------------------------+-------+-------+-------++-------
Melee: Unarmed           |     9 |       |       ||     9
       Short sword       |    19 |       |       ||    19
       Whip              |    18 |    65 |     4 ||    87
       Dagger            |       |       |   113 ||   113
 Cast: Freeze            |    26 |    79 |    58 ||   163
       Throw Frost       |       |     3 |     3 ||     6
       Throw Icicle      |       |       |     2 ||     2
  Use: Scroll            |       |       |     4 ||     4
 Stab: Sleeping          |     2 |     4 |     3 ||     9
  Eat: Chunk             |       |     4 |     5 ||     9
       Pizza             |       |     1 |       ||     1
       Beef jerky        |       |     1 |     1 ||     2
